 Dungeon Crawl Stone Soup version 0.21.1-1-g345015f (webtiles) character file.

146 Lanoc the Poker (level 5, -2/42 HPs)
             Began as a Merfolk Chaos Knight on Feb 26, 2018.
             Killed by divine providence
             ... invoked by an orc priest
              (16 damage)
             ... on level 3 of the Dungeon.
             The game lasted 00:03:48 (2168 turns).

Lanoc the Poker (Merfolk Chaos Knight)              Turns: 2168, Time: 00:03:49

Health: -2/42      AC:  6    Str: 13    XL:     5   Next: 28%
Magic:  5/5        EV: 13    Int: 15    God:    Xom [....*.]
Gold:   117        SH:  0    Dex: 14    Spells: 4/4 levels left

rFire    . . .     SeeInvis .   a - +0 spear (chaos)
rCold    . . .     Gourm    +   (no shield)
rNeg     . . .     Faith    .   b - +2 leather armour
rPois    .         Spirit   .   o - +0 helmet
rElec    .         Reflect  .   (no cloak)
rCorr    .         Harm     .   (no gloves)
MR       .....                  (no boots)
Stlth    +.........             g - amulet of the gourmand
HPRegen  0.14/turn              (no ring)
MPRegen  0.09/turn              (no ring)

@: no status effects
A: change form in water, swift swim, stealthy swim, clever 2, sense surroundings
1
a: Renounce Religion


You were on level 3 of the Dungeon.
You worshipped Xom.
You were a beloved toy of Xom.
You were very full.

You visited 1 branch of the dungeon, and saw 3 of its levels.

You collected 117 gold pieces.

Inventory:

Hand Weapons
 a - a +0 spear of chaos (weapon)
 l - a +0 spear
Armour
 b - a +2 leather armour (worn)
 o - a +0 helmet (worn)
Jewellery
 g - an amulet of the gourmand (around neck)
Scrolls
 d - a scroll of immolation {unknown}
 e - a scroll of noise {unknown}
 f - 2 scrolls of amnesia {unknown}
 h - 2 scrolls of remove curse {unknown}
 i - 2 scrolls of teleportation {unknown}
 j - 2 scrolls of identify {unknown}
Potions
 k - 2 potions of cancellation {unknown}
 m - a potion of brilliance {unknown}
 n - a potion of agility {unknown}
Comestibles
 c - 3 rations


   Skills:
 + Level 4.1 Fighting
 * Level 6.3 Polearms
 + Level 1.6 Armour
 + Level 3.9 Dodging


You had 4 spell levels left.
You didn't know any spells.

Dungeon Overview and Level Annotations

Branches:
Dungeon (3/15)

Altars:
Hepliaklqana


Innate Abilities, Weirdness & Mutations

You revert to your normal form in water.
You are very nimble and swift while swimming.
You are very stealthy in the water. (Stealth+)
Your mind is very acute. (Int +4)
You passively map a small area around you.


Message History

The orc wizard is moderately wounded.
The orc hits you but does no damage.
The orc priest mumbles some strange prayers to Beogh against you.
Beogh smites you!
You are too injured to fight recklessly!
You are too injured to fight recklessly!
You are too injured to fight recklessly!
You are too injured to fight recklessly!
You are too injured to fight recklessly!
You are too injured to fight recklessly!
The orc wizard gestures wildly while chanting.
The orc wizard seems to speed up.
There is an open door, spattered with blood here.
The orc wizard gestures at you while chanting.
The puff of frost misses you.
You are too injured to fight recklessly!
The orc priest mumbles some strange prayers to Beogh against you.
Beogh smites you!
You die...
Xom cackles wildly!

###########
#######.......#.#
#..........#....#
#.#####.#<.#..#.####### #.#
#.####..#.#.....###
####.#####.#....@#.#........
.....>............o'o.......
#............#...#.#oo......
#####.####.###.....#........
...................#........
.####.###.######...#........
.# #.#............#.....#..
, .# #.#.#.####.........###
. .# #.#...# #.........# *,
*


You could see an orc priest, an orc wizard and 2 orcs.

Vanquished Creatures
  Robin (D:3)
  3 adders
  A worm (D:2)
  2 dart slugs (D:1)
  A leopard gecko (D:3)
  2 orcs (D:3)
  10 bats
  3 giant cockroaches (D:2)
  13 goblins
  6 hobgoblins
  5 kobolds
  4 quokkas (D:2)
  2 ball pythons
  5 frilled lizards
  8 rats
66 creatures vanquished.

Vanquished Creatures (others)
  A howler monkey (shapeshifter) (D:2)
1 creature vanquished.

Grand Total: 67 creatures vanquished

Notes
Turn   | Place    | Note
-------+----------+-------------------------------------------
     0 | D:1      | Lanoc the Merfolk Chaos Knight began the quest for the Orb.
     0 | D:1      | Reached XP level 1. HP: 18/18 MP: 1/1
    67 | D:1      | Reached XP level 2. HP: 22/24 MP: 2/2
   196 | D:1      | XOM: divination: magic mapping
   336 | D:1      | XOM: divination: detect items
   403 | D:1      | XOM: god gift: brown potion {god gift}
   483 | D:1      | Reached skill level 1 in Armour
   571 | D:1      | Reached skill level 5 in Polearms
   751 | D:1      | Reached XP level 3. HP: 29/29 MP: 3/3
   867 | D:1      | XOM: harmless Ice miscast
  1154 | D:2      | Reached XP level 4. HP: 18/37 MP: 4/4
  1411 | D:2      | Found a hazy altar of Hepliaklqana.
  1460 | D:2      | Reached skill level 6 in Polearms
  1789 | D:3      | Noticed Robin
  1803 | D:3      | Reached XP level 5. HP: 36/42 MP: 5/5
  1815 | D:3      | Killed Robin
  1828 | D:3      | XOM: give mutations
  1828 | D:3      | Gained mutation: Your mind is acute. (Int +2) [Xom's grace]
  1828 | D:3      | Gained mutation: Your mind is very acute. (Int +4) [Xom's grace]
  1828 | D:3      | Gained mutation: You passively map a small area around you. [Xom's grace]
  2168 | D:3      | Killed from afar by an orc priest

Skill      XL: |  1  2  3  4 |
---------------+-------------+-----
Dodging        | 3 |  3.9
Armour         | 1 |  1.6
Polearms       | 5 6 |  6.3
Fighting       | 4 |  4.1

Action                   |  1- 3 |  4- 6 || total
-------------------------+-------+-------++-------
Melee: Spear             |    99 |   138 ||   237
  Use: Potion            |     1 |       ||     1
 Stab: Sleeping          |     2 |     1 ||     3
       Paralysed         |       |     1 ||     1
  Eat: Chunk             |       |    18 ||    18
Armor: Leather armour    |    22 |    28 ||    50
Dodge: Dodged            |    45 |    68 ||   113
